 Dungeon Crawl Stone Soup version 0.30.1-11-g7821555f0a (webtiles) character file.

Game seed: 15310720989689152066

627 Cheops the Conjurer (level 7, 0/41 HPs)
             Began as an Octopode Conjurer on Dec 3, 2023.
             Slain by a lemure (9 damage)
             ... led by Pikel
             ... on level 5 of the Dungeon.
             The game lasted 00:11:49 (6631 turns).

Cheops the Conjurer (Octopode Conjurer)             Turns: 6631, Time: 00:11:50

Health: 0/41       AC:  1    Str:  6    XL:     7   Next: 48%
Magic:  2/11       EV: 13    Int: 20    God:
Gold:   191        SH:  0    Dex: 13    Spells: 1/12 levels left

rFire   . . .        a - staff of conjuration
rCold   + . .        (no shield)
rNeg    . . .        (helmet restricted)
rPois   .            v - amulet of regeneration
rElec   .            p - ring of protection from cold
rCorr   .            (no ring)
SInv    .            (no ring)
Will    .....        (no ring)
Stlth   +++          (no ring)
HPRegen 1.06/turn    (no ring)
MPRegen 0.12/turn    (no ring)
                     (no ring)

%: no passive effects
@: weak-willed, hasted, very quick
A: almost no armour, amphibious, 8 rings, camouflage 1, gelatinous body 1,
(nimble swimmer 1), tentacles
a: no special abilities


You were on level 5 of the Dungeon.
You visited 1 branch of the dungeon, and saw 6 of its levels.

You collected 191 gold pieces.

Inventory:

Hand Weapons
 b - a +1 short sword of venom
Magical Staves
 a - a staff of conjuration (weapon)
 c - a staff of air
Jewellery
 p - a ring of protection from cold (left tentacle)
 v - an amulet of regeneration (around mantle)
Wands
 s - a wand of mindburst (13)
Scrolls
 h - a scroll of identify
 k - 2 scrolls of enchant weapon
 n - 2 scrolls of poison
 w - a scroll of acquirement
Potions
 d - 2 potions of brilliance {unknown}
 e - a potion of might {unknown}
 f - a potion of haste
 g - 3 potions of curing
 i - a potion of mutation {unknown}
 j - 2 potions of magic
 m - 2 potions of lignification {unknown}
 o - 2 potions of flight {unknown}
 q - a potion of ambrosia {unknown}
 u - 2 potions of resistance {unknown}


   Skills:
 - Level 2.0 Dodging
 - Level 2.6 Stealth
 + Level 3.0 Spellcasting
 - Level 6.0 Conjurations
 - Level 4.0 Hexes
 * Level 3.9 Translocations


You had one spell level left.
You knew the following spells:

 Your Spells              Type           Power      Damage    Failure   Level
a - Magic Dart            Conj           100%       1d8       1%          1
b - Searing Ray           Conj           80%        2d7       1%          2
i - Iskenderun's Mystic   Conj/Tloc      34%        2d8       19%         4
p - Fulminant Prism       Conj/Hex       17%        3d10      19%         4

Your spell library contained the following spells:

 Spells                   Type           Power      Damage    Failure   Level
 Dazzling Flash           Conj/Hex       68%        N/A       5%          3


Dungeon Overview and Level Annotations

Branches:
Dungeon (6/15)
 Temple: D:4-7

Altars:

Annotations:
D:6 Pikel


Innate Abilities, Weirdness & Mutations

You cannot wear most types of armour.
You are amphibious.
You can wear up to eight rings at the same time.
Your skin changes colour to match your surroundings (Stealth+).
Your rubbery body absorbs attacks. (AC +1, EV +1)
((You are camouflaged when in or above water. (Stealth+)))
You have tentacles for arms and can constrict up to eight enemies at once.


Message History

Your attack snaps the lemure out of its fear.
The phantom hits you.
* * * LOW HITPOINT WARNING * * *
Casting: Magic Dart (safe; 1% risk of failure)
Confirm with . or Enter, or press ? or * to list all spells.
Aiming: Magic Dart (safe; 1% risk of failure)
Press: ? - help, Shift-Dir - straight line, f/p - lemure
Aim: a lemure (heavily wounded, weak-willed, 100% to hit)
You feel a surge of power!
The magic dart hits the lemure.
The lemure is severely wounded.
The lemure closely misses you. The phantom hits you.
* * * LOW HITPOINT WARNING * * *
This is a scroll of acquirement!
Unknown command.
Unknown command.
Okay, then.
You feel better. The lemure completely misses you.
The phantom closely misses you.
You feel yourself speed up. The lemure barely misses you.
The phantom hits you but does no damage.
You feel better.
You barely miss the lemure. Your grab misses the lemure.
Your squeeze misses the lemure.
The lemure is severely wounded.
The lemure hits you.
* * * LOW HITPOINT WARNING * * *
The phantom hits you.
* * * LOW HITPOINT WARNING * * *
You hit the lemure but do no damage. Your grab misses the lemure.
The lemure is severely wounded.
The lemure hits you.
* * * LOW HITPOINT WARNING * * *
The phantom hits you.
* * * LOW HITPOINT WARNING * * *
You barely miss the lemure. You grab the lemure.
You squeeze the lemure, but do no damage.
The lemure is severely wounded.
You constrict the lemure, but do no damage.
The lemure hits you!
You die...

......###...####
##......###### ...####
##.....#####..).....#.... .###
#.............###....... ##
#............## ##....##
##.........### ##..##
#.........# #..# #...##...##
#..# #....#...# #..##
#....#@..## #...## #
#....W.5..## ##..... #
###..........### ##...... ##
####.......#......###...####
.#####.........#####......(.##
.........####..# ###......#
......#### #..# ###....#
...#### #..# #....## ..## #..#
#.....##


You could see a lemure (weak-willed) and a phantom (weak-willed).

Vanquished Creatures
  Menkaure (D:4)
  An ogre (D:4)
  A phantom (D:5)
  2 scorpions
  2 iguanas
  9 adders
  A white imp (D:5)
  2 ufetubi
  2 dart slugs (D:4)
  5 orcs
  5 ball pythons
  3 endoplasms
  2 giant cockroaches (D:4)
  6 goblins
  9 hobgoblins
  7 jackals
  7 kobolds
  3 quokkas
  3 bats
  A frilled lizard (D:3)
  3 rats
75 creatures vanquished.

Notes
Turn   | Place    | Note
-------+----------+-------------------------------------------
     0 | D:1      | Cheops the Octopode Conjurer began the quest for the Orb.
     0 | D:1      | Reached XP level 1. HP: 11/11 MP: 3/3
   485 | D:1      | Reached XP level 2. HP: 17/17 MP: 0/5
   893 | D:1      | Learned a level 2 spell: Searing Ray
  1153 | D:2      | Reached XP level 3. HP: 21/21 MP: 2/6
  1212 | D:2      | Reached skill level 5 in Conjurations
  1967 | D:3      | Reached XP level 4. HP: 27/27 MP: 2/7
  2751 | D:3      | Learned a level 4 spell: Fulminant Prism
  2779 | D:4      | Noticed Menkaure
  2779 | D:4      | Noticed an ogre
  3192 | D:4      | Noticed a scorpion
  3218 | D:4      | Killed a scorpion
  3219 | D:4      | Reached skill level 6 in Conjurations
  3219 | D:4      | Reached XP level 5. HP: 7/31 MP: 0/9
  3973 | D:4      | Reached skill level 1 in Hexes
  3990 | D:4      | Killed Menkaure
  3991 | D:4      | Reached XP level 6. HP: 13/36 MP: 1/10
  4321 | D:4      | Learned a level 4 spell: Iskenderun's Mystic Blast
  4626 | D:4      | Reached skill level 1 in Translocations
  5062 | D:5      | Entered Level 5 of the Dungeon
  5448 | D:5      | Reached XP level 7. HP: 41/41 MP: 8/11
  6597 | D:6      | Noticed Pikel
  6626 | D:5      | Identified a scroll of acquirement
  6631 | D:5      | Slain by a lemure

Illustrated notes

Levels and vault maps discovered:
D:1:      dpeg_arrival_signposts, layout_loops_ring
D:2:      layout_basic
D:3:      layout_basic, fountainhead
D:4:      layout_loops_corners, serial_bayou_ford_a, uniq_menkaure
D:5:      layout_layer_cave
D:6:      kennysheep_kobold_camp, layout_basic, kennysheep_mini,
          minmay_temple_entry_drinking_statues, uniq_pikel

Skill      XL: |  1  2  3  4  5  6  7 |
---------------+----------------------+-----
Conjurations   | 5 6 |  6.0
Spellcasting   | 3 |  3.0
Hexes          | 3 4 |  4.0
Translocations | 2 3 |  3.9
Dodging        | |  2.0
Stealth        | |  2.6

Action                     |  1- 3 |  4- 6 |  7- 9 || total
---------------------------+-------+-------+-------++-------
  Melee: Unarmed           |    13 |       |       ||    13
         Constrict         |     4 |     3 |     1 ||     8
         Punch             |     1 |       |       ||     1
         Tentacles         |     3 |     3 |     1 ||     7
         Staff             |     2 |    13 |     3 ||    18
   Cast: Magic Dart        |    59 |    74 |    23 ||   156
         Searing Ray       |       |     8 |     5 ||    13
    Use: Potion            |       |     3 |     3 ||     6
         Scroll            |       |       |     5 ||     5
 Armour: Skin              |     1 |     2 |     4 ||     7
  Dodge: Dodged            |     9 |    12 |    21 ||    42
